TOP OF THE 1ST |
Scranton WB RailRiders batting - Pitching for Charlotte Knights : RHP David Avelar
|
Pitching: RHP David Avelar
|
|
Batting: RHB Neal Tinoco
|
0-0: Ball 1-0: Ball 2-0: Ball 3-0: Called Strike 3-1: Swinging Strike 3-2: Base on Balls
|
Batting: RHB Russ Shambaugh
|
0-0: SINGLE (Line Drive, 6D, EV 110.6 MPH) Neal Tinoco to second
|
Batting: LHB Brad Ritter
|
0-0: Ball Neal Tinoco steals 3rd, throwing error, E2 Neal Tinoco scores Russ Shambaugh to third 1-0: Ball 2-0: Swinging Strike 2-1: Ball 3-1: 2-RUN HOME RUN (Flyball, 78XD, EV 105.0 MPH), Distance : 413 ft
|
Batting: SHB Cristiano Serrão
|
0-0: SINGLE (Line Drive, 89M, EV 99.4 MPH)
|
Batting: RHB Scott King
|
0-0: Ball Cristiano Serrão steals 2nd base 1-0: Ball 2-0: Called Strike 2-1: Foul Ball, location: 2F 2-2: Foul Ball, location: 2F 2-2: SINGLE (Line Drive, 89S, EV 94.4 MPH) Cristiano Serrão to third
|
Batting: LHB Kazuyoshi Nakamura
|
0-0: Foul Ball, location: 2F 0-1: Fly out, F8 (Flyball, 8LD, EV 96.9 MPH) Runner from 3rd tags up, SCORES, throw by CF
|
Batting: RHB Pat Bernier
|
0-0: Foul Ball, location: 2F 0-1: Ball 1-1: Called Strike 1-2: Foul Ball, location: 2F 1-2: Ball 2-2: Grounds into double play, 6-4-3 (Groundball, 6, EV 88.1 MPH)
|
Top of the 1st over - 4 runs, 4 hits, 1 error, 0 left on base; Scranton WB 4 - Charlotte 0 |
BOTTOM OF THE 1ST |
Charlotte Knights batting - Pitching for Scranton WB RailRiders : RHP Mike Amos
|
Pitching: RHP Mike Amos
|
|
Batting: RHB Jake Savell
|
0-0: Ball 1-0: Ground out 1-3 (Groundball, P, EV 61.3 MPH)
|
Batting: RHB Darwin Mills
|
0-0: Fly out, F3 (Flyball, 3D, EV 94.4 MPH)
|
Batting: LHB Jake Goddard
|
0-0: Called Strike 0-1: Foul Ball, location: 2F 0-2: Ball 1-2: Fly out, F9 (Line Drive, 9, EV 110.6 MPH)
|
Bottom of the 1st over - 0 runs, 0 hits, 0 errors, 0 left on base; Scranton WB 4 - Charlotte 0 |
TOP OF THE 2ND |
Scranton WB RailRiders batting - Pitching for Charlotte Knights : RHP David Avelar
|
Batting: LHB Justin Covington
|
0-0: Ball 1-0: Called Strike 1-1: Foul Ball, location: 2F 1-2: SINGLE (Groundball, 13, EV 78.8 MPH) (infield hit)
|
Batting: RHB Hector Padilla
|
0-0: Called Strike 0-1: Ball Justin Covington steals 2nd base 1-1: Foul Ball, location: 2F 1-2: Strikes out swinging
|
Batting: RHB Neal Tinoco
|
0-0: Ball Justin Covington steals 3rd base 1-0: Swinging Strike 1-1: Foul Ball, location: 2F 1-2: Ball 2-2: Ball 3-2: Strikes out swinging
|
Batting: RHB Russ Shambaugh
|
0-0: Ground out 5-3 (Groundball, 56S, EV 82.5 MPH)
|
Top of the 2nd over - 0 runs, 1 hit, 0 errors, 1 left on base; Scranton WB 4 - Charlotte 0 |
BOTTOM OF THE 2ND |
Charlotte Knights batting - Pitching for Scranton WB RailRiders : RHP Mike Amos
|
Batting: RHB Nick Richardson
|
0-0: Ground out 5-3 (Groundball, 5, EV 84.4 MPH)
|
Batting: RHB Erik Christensen
|
0-0: Ground out 3-1 (Groundball, 34S, EV 78.8 MPH)
|
Batting: RHB Will Washburn
|
0-0: Called Strike 0-1: Ball 1-1: Called Strike 1-2: Foul Ball, location: 2F 1-2: Ball 2-2: Strikes out swinging
|
Bottom of the 2nd over - 0 runs, 0 hits, 0 errors, 0 left on base; Scranton WB 4 - Charlotte 0 |
TOP OF THE 3RD |
Scranton WB RailRiders batting - Pitching for Charlotte Knights : RHP David Avelar
|
Batting: LHB Brad Ritter
|
0-0: Foul Ball, location: 2F 0-1: Called Strike 0-2: Strikes out swinging
|
Batting: SHB Cristiano Serrão
|
0-0: Ball 1-0: Called Strike 1-1: Called Strike 1-2: Strikes out swinging
|
Batting: RHB Scott King
|
0-0: Ball 1-0: Ball 2-0: Foul Ball, location: 2F 2-1: Foul Ball, location: 2F 2-2: Ball 3-2: Strikes out swinging
|
Top of the 3rd over - 0 runs, 0 hits, 0 errors, 0 left on base; Scranton WB 4 - Charlotte 0 |
BOTTOM OF THE 3RD |
Charlotte Knights batting - Pitching for Scranton WB RailRiders : RHP Mike Amos
|
Batting: RHB Casey Quinones
|
0-0: Foul Ball, location: 2F 0-1: Called Strike 0-2: Foul Ball, location: 2F 0-2: Ball 1-2: Ball 2-2: Ball 3-2: Base on Balls
|
Batting: RHB Justin Harris
|
0-0: Fly out, F5 (Flyball, 5D, EV 87.5 MPH)
|
Batting: RHB Harvey Harvey
|
0-0: Called Strike 0-1: Grounds into double play, 6-4-3 (Groundball, 6, EV 86.9 MPH)
|
Bottom of the 3rd over - 0 runs, 0 hits, 0 errors, 0 left on base; Scranton WB 4 - Charlotte 0 |
TOP OF THE 4TH |
Scranton WB RailRiders batting - Pitching for Charlotte Knights : RHP David Avelar
|
Batting: LHB Kazuyoshi Nakamura
|
0-0: Ball 1-0: Called Strike 1-1: Ball 2-1: Foul Ball, location: 2F 2-2: Strikes out looking
|
Batting: RHB Pat Bernier
|
0-0: Called Strike 0-1: Swinging Strike 0-2: Strikes out swinging
|
Batting: LHB Justin Covington
|
0-0: Ball 1-0: Called Strike 1-1: Ball 2-1: Foul Ball, location: 2F 2-2: Strikes out looking
|
Top of the 4th over - 0 runs, 0 hits, 0 errors, 0 left on base; Scranton WB 4 - Charlotte 0 |
BOTTOM OF THE 4TH |
Charlotte Knights batting - Pitching for Scranton WB RailRiders : RHP Mike Amos
|
Batting: RHB Jake Savell
|
0-0: Called Strike 0-1: Ground out 5-3 (Groundball, 56S, EV 81.3 MPH)
|
Batting: RHB Darwin Mills
|
0-0: Swinging Strike 0-1: Swinging Strike 0-2: Ground out 6-3 (Groundball, 6, EV 86.3 MPH)
|
Batting: LHB Jake Goddard
|
0-0: Ball 1-0: Ground out 4-3 (Groundball, 34, EV 86.9 MPH)
|
Bottom of the 4th over - 0 runs, 0 hits, 0 errors, 0 left on base; Scranton WB 4 - Charlotte 0 |
TOP OF THE 5TH |
Scranton WB RailRiders batting - Pitching for Charlotte Knights : RHP David Avelar
|
Batting: RHB Hector Padilla
|
0-0: Foul Ball, location: 2F 0-1: Ball 1-1: Ball 2-1: Ball 3-1: Base on Balls
|
Batting: RHB Neal Tinoco
|
0-0: Called Strike 0-1: Called Strike 0-2: Ball 1-2: Ball 2-2: Foul Ball, location: 2F 2-2: Ball 3-2: Foul Ball, location: 2F 3-2: Foul Ball, location: 2F 3-2: Ground out 6-3 (Groundball, 6, EV 81.9 MPH) Hector Padilla to second
|
Batting: RHB Russ Shambaugh
|
0-0: Ball 1-0: Ball 2-0: Foul Ball, location: 2F 2-1: Called Strike 2-2: Strikes out swinging
|
Batting: LHB Brad Ritter
|
0-0: Foul Ball, location: 2F 0-1: Ball 1-1: Ground out 6-3 (Groundball, 6MD, EV 102.5 MPH)
|
Top of the 5th over - 0 runs, 0 hits, 0 errors, 1 left on base; Scranton WB 4 - Charlotte 0 |
BOTTOM OF THE 5TH |
Charlotte Knights batting - Pitching for Scranton WB RailRiders : RHP Mike Amos
|
Batting: RHB Nick Richardson
|
0-0: Ball 1-0: Ball 2-0: Ball 3-0: Fly out, F9 (Flyball, 89M, EV 86.3 MPH)
|
Batting: RHB Erik Christensen
|
0-0: Ball 1-0: Swinging Strike 1-1: Swinging Strike 1-2: Ball 2-2: Ball 3-2: Foul Ball, location: 2F 3-2: Base on Balls
|
Batting: RHB Will Washburn
|
0-0: Ball 1-0: Swinging Strike 1-1: Called Strike 1-2: Strikes out swinging
|
Batting: RHB Casey Quinones
|
0-0: Called Strike 0-1: Fielders Choice at 2nd, 6-4 (Groundball, 6, EV 103.1 MPH)
|
Bottom of the 5th over - 0 runs, 0 hits, 0 errors, 1 left on base; Scranton WB 4 - Charlotte 0 |
TOP OF THE 6TH |
Scranton WB RailRiders batting - Pitching for Charlotte Knights : RHP David Avelar
|
Pitching: RHP Chris Rodgers
|
|
Batting: SHB Cristiano Serrão
|
0-0: Foul Ball, location: 2F 0-1: Foul Ball, location: 2F 0-2: Ground out 4-3 (Groundball, 4S, EV 83.1 MPH)
|
Batting: RHB Scott King
|
0-0: Called Strike 0-1: Ball 1-1: Ball 2-1: Called Strike 2-2: Ball 3-2: Foul Ball, location: 2F 3-2: Strikes out swinging
|
Batting: LHB Kazuyoshi Nakamura
|
0-0: Called Strike 0-1: Ball 1-1: Foul Ball, location: 2F 1-2: Ball 2-2: Foul Ball, location: 2F 2-2: Strikes out swinging
|
Top of the 6th over - 0 runs, 0 hits, 0 errors, 0 left on base; Scranton WB 4 - Charlotte 0 |
BOTTOM OF THE 6TH |
Charlotte Knights batting - Pitching for Scranton WB RailRiders : RHP Mike Amos
|
Batting: RHB Justin Harris
|
0-0: Called Strike 0-1: Ball 1-1: Ball 2-1: Fly out, F8 (Flyball, 8LM, EV 85.0 MPH)
|
Batting: RHB Harvey Harvey
|
0-0: SINGLE (Groundball, 5S, EV 71.9 MPH) (infield hit)
|
Batting: RHB Jake Savell
|
0-0: Fly out, F4 (Line Drive, 4, EV 65.0 MPH)
|
Batting: RHB Darwin Mills
|
0-0: Ball 1-0: Ball 2-0: Called Strike 2-1: Foul Ball, location: 2F 2-2: Fly out, F7 (Flyball, 78D, EV 98.1 MPH)
|
Bottom of the 6th over - 0 runs, 1 hit, 0 errors, 1 left on base; Scranton WB 4 - Charlotte 0 |
TOP OF THE 7TH |
Scranton WB RailRiders batting - Pitching for Charlotte Knights : RHP Chris Rodgers
|
Pitching: RHP Kurt Vitta
|
|
Batting: RHB Pat Bernier
|
0-0: Ball 1-0: Ball 2-0: Called Strike 2-1: Foul Ball, location: 2F 2-2: Strikes out swinging
|
Batting: LHB Justin Covington
|
0-0: Ball 1-0: Ball 2-0: Called Strike 2-1: Swinging Strike 2-2: Ground out 1-3 (Groundball, 13S, EV 65.6 MPH)
|
Batting: RHB Hector Padilla
|
0-0: Ball 1-0: SINGLE (Groundball, 56S, EV 73.1 MPH) (infield hit)
|
Batting: RHB Neal Tinoco
|
0-0: Called Strike 0-1: Foul Ball, location: 2F 0-2: Strikes out swinging
|
Top of the 7th over - 0 runs, 1 hit, 0 errors, 1 left on base; Scranton WB 4 - Charlotte 0 |
BOTTOM OF THE 7TH |
Charlotte Knights batting - Pitching for Scranton WB RailRiders : RHP Mike Amos
|
Pitching: RHP Brandon Woodroffe
|
|
Batting: LHB Jake Goddard
|
0-0: Ball 1-0: Called Strike 1-1: Swinging Strike 1-2: Foul Ball, location: 2F 1-2: Ball 2-2: Fly out, F5 (Flyball, 56D, EV 73.1 MPH)
|
Batting: RHB Nick Richardson
|
0-0: Ball 1-0: Called Strike 1-1: Foul Ball, location: 2F 1-2: Foul Ball, location: 2F 1-2: Foul Ball, location: 2F 1-2: Foul Ball, location: 2F 1-2: Ball 2-2: Foul Ball, location: 2F 2-2: Fly out, F8 (Flyball, 8RD, EV 81.9 MPH)
|
Batting: RHB Erik Christensen
|
0-0: Called Strike 0-1: Ball 1-1: Ball 2-1: SOLO HOME RUN (Flyball, 7D, EV 93.8 MPH), Distance : 370 ft
|
Batting: RHB Will Washburn
|
0-0: Ball 1-0: Foul Ball, location: 2F 1-1: Foul Ball, location: 2F 1-2: Strikes out looking
|
Bottom of the 7th over - 1 run, 1 hit, 0 errors, 0 left on base; Scranton WB 4 - Charlotte 1 |
TOP OF THE 8TH |
Scranton WB RailRiders batting - Pitching for Charlotte Knights : RHP Kurt Vitta
|
Pitching: RHP Jose Godreau
|
|
Batting: RHB Russ Shambaugh
|
0-0: Ball 1-0: Called Strike 1-1: Ball 2-1: Ground out 6-3 (Groundball, 6, EV 90.0 MPH)
|
Batting: LHB Brad Ritter
|
0-0: Ground out U3 (Groundball, 34, EV 104.4 MPH)
|
Batting: SHB Cristiano Serrão
|
0-0: Ground out 4-3 (Groundball, 34D, EV 99.4 MPH)
|
Top of the 8th over - 0 runs, 0 hits, 0 errors, 0 left on base; Scranton WB 4 - Charlotte 1 |
BOTTOM OF THE 8TH |
Charlotte Knights batting - Pitching for Scranton WB RailRiders : RHP Brandon Woodroffe
|
Pitching: RHP Tom Kelley
|
|
Batting: RHB Casey Quinones
|
0-0: Called Strike 0-1: SOLO HOME RUN (Line Drive, 7LD, EV 95.0 MPH), Distance : 354 ft
|
Batting: RHB Justin Harris
|
0-0: DOUBLE (Groundball, 3L, EV 103.1 MPH)
|
Pinch Hitting: LHB Hirakito Herring
|
0-0: Ground out U3 (Groundball, 3L, EV 86.3 MPH) Justin Harris to third
|
Batting: RHB Jake Savell
|
0-0: Ball 1-0: Foul Ball, location: 2F 1-1: Ground out 4-3 (Groundball, 4M, EV 111.3 MPH) Justin Harris scores
|
Batting: RHB Darwin Mills
|
0-0: Called Strike 0-1: Ball 1-1: Ball 2-1: Ground out 4-3 (Groundball, 4, EV 83.1 MPH)
|
Bottom of the 8th over - 2 runs, 2 hits, 0 errors, 0 left on base; Scranton WB 4 - Charlotte 3 |
TOP OF THE 9TH |
Scranton WB RailRiders batting - Pitching for Charlotte Knights : RHP Jose Godreau
|
Now at SS: Hirakito Herring
|
|
Batting: RHB Scott King
|
0-0: Swinging Strike 0-1: Ball 1-1: Swinging Strike 1-2: Ground out 1-3 (Groundball, 15S, EV 67.5 MPH)
|
Batting: LHB Kazuyoshi Nakamura
|
0-0: Ball 1-0: Swinging Strike 1-1: Ball 2-1: Ball 3-1: Base on Balls
|
Batting: RHB Pat Bernier
|
0-0: Ball 1-0: Ball 2-0: Fielders Choice at 2nd, 1-4 (Groundball, 15S, EV 64.4 MPH)
|
Batting: LHB Justin Covington
|
0-0: Ball 1-0: Ball 2-0: Ball 3-0: Base on Balls Pat Bernier to second
|
Batting: RHB Hector Padilla
|
0-0: Ball 1-0: Called Strike 1-1: Fielders Choice at 2nd, 5-4 (Groundball, 5, EV 85.6 MPH)
|
Top of the 9th over - 0 runs, 0 hits, 0 errors, 2 left on base; Scranton WB 4 - Charlotte 3 |
BOTTOM OF THE 9TH |
Charlotte Knights batting - Pitching for Scranton WB RailRiders : RHP Tom Kelley
|
Batting: LHB Jake Goddard
|
0-0: Called Strike 0-1: Fly out, F8 (Line Drive, 8LM, EV 94.4 MPH)
|
Pinch Hitting: LHB Brian Dickeson
|
0-0: Ball 1-0: Ball 2-0: Ball 3-0: Base on Balls
|
Batting: RHB Erik Christensen
|
0-0: Called Strike 0-1: Ball 1-1: Swinging Strike 1-2: Strikes out swinging
|
Batting: RHB Will Washburn
|
0-0: Fielders Choice at 2nd, 6-4 (Groundball, 6, EV 92.5 MPH)
|
Bottom of the 9th over - 0 runs, 0 hits, 0 errors, 1 left on base; Scranton WB 4 - Charlotte 3 |
|